 Dungeon Crawl Stone Soup version 0.31.0-11-ge490571c62 (webtiles) character file.

Game seed: 15077949445394186954

3528 Gadfly the Martial Artist (level 10, -5/77 HPs)
             Began as a Merfolk Monk on Jan 29, 2024.
             Was a Believer of Ru.
             Slain by a death yak (25 damage)
             ... on level 7 of the Dungeon.
             The game lasted 00:17:42 (8907 turns).

Gadfly the Martial Artist (Merfolk Monk)            Turns: 8907, Time: 00:17:42

Health: -5/77      AC:  7    Str: 16    XL:     10   Next: 8%
Magic:  10/10      EV: 20    Int:  9    God:    Ru [**....]
Gold:   436        SH:  0    Dex: 15    Spells: 7/9 levels left

rFire   . .          .
                       - Unarmed
rCold   . . .        (no shield)
rNeg    . . .        m - +2 robe {Will+}
rPois   +            t - +0 helmet
rElec   .            n - +0 cloak
rCorr   .            h - +0 pair of gloves
SInv    .            (no boots)
Will    +....        l - amulet of regeneration
Stlth   +            j - ring of poison resistance
HPRegen 1.12/turn    s - +5 ring of evasion
MPRegen 0.12/turn

%: no passive effects
@: no status effects
A: clumsy 1, inability to train armour, (nimble swimmer 2), mertail
a: Renounce Religion


You were on level 7 of the Dungeon.
You worshipped Ru.
Ru was pleased with you.
You visited 2 branches of the dungeon, and saw 9 of its levels.
You also visited: Sewer.

You collected 436 gold pieces.

Inventory:

Hand Weapons
 b - a +3 trident of venom
 v - a +1 falchion of protection
Armour
 h - a +0 pair of gloves (worn)
 m - a +2 robe of willpower (worn)
 n - a +0 cloak (worn)
 t - a +0 helmet (worn)
Jewellery
 c - a ring of see invisible
 j - a ring of poison resistance (left hand)
 l - an amulet of regeneration (around neck)
 s - a +5 ring of evasion (right hand)
Talismans
 a - a serpent talisman
Scrolls
 d - 2 scrolls of enchant weapon
 f - 3 scrolls of fear
 i - a scroll of vulnerability
 k - 4 scrolls of teleportation
 p - a scroll of revelation
 q - 2 scrolls of brand weapon
 u - a scroll of identify
Potions
 e - 2 potions of might
 g - 4 potions of curing
 r - a potion of haste


   Skills:
 + Level 6.4 Fighting
 + Level 7.5 Dodging
 * Level 8.4 Unarmed Combat
 * Level 6.9 Evocations
 * Level 8.4 Shapeshifting


You had 7 spell levels left.
You knew the following spells:

 Your Spells              Type           Power      Damage    Failure   Level
a - Blink                 Tloc           0%         N/A       52%         2

Your spell library contained the following spells:

 Spells                   Type           Power      Damage    Failure   Level
 Lesser Beckoning         Tloc           0%         N/A       52%         2
 Momentum Strike          Conj/Tloc      0%         3d8       52%         2
 Animate Dead             Necr           0%         N/A       99%         4
 Borgnjor's Vile Clutch   Necr/Erth      0%         N/A       100%        5
 Death Channel            Necr           0%         N/A       100%        6


Dungeon Overview and Level Annotations

Branches:
Dungeon (8/15)             Temple (1/1) D:5           Sewer (visited)
   Lair: D:8-11

Altars:
Ashenzari
Cheibriados
Dithmenos
Elyvilon
Fedhas
Gozag
Hepliaklqana
Kikubaaqudgha
Makhleb
Nemelex Xobeh
Okawaru
Qazlal
Ru
Sif Muna
Trog
Uskayaw
Vehumet
Wu Jian
Xom
Yredelemnul
Zin
The Shining One


Innate Abilities, Weirdness & Mutations

You are clumsy. (Dex -2)
You cannot train Armour skill.
((You are very nimble when in or above water. (Stealth+, EV+, Speed+++)))
Your lower body shifts to a powerful aquatic tail in water.


Message History

The death yak is moderately wounded.
The death yak gores you!
You punch the death yak!
The death yak is moderately wounded.
You hit the death yak.
The death yak is moderately wounded.
The death yak completely misses you.
You punch the death yak!
The death yak is heavily wounded.
The death yak misses you.
You hit the death yak but do no damage.
The death yak is heavily wounded.
The yak snorts and paws the ground.
The death yak gores you.
You hit the death yak.
The death yak is heavily wounded.
The death yak gores you!!
You hit the death yak.
The death yak is heavily wounded.
The death yak gores you.
You hit the death yak but do no damage.
The death yak is heavily wounded.
The death yak gores you!!
* * * LOW HITPOINT WARNING * * *
You are too injured to fight recklessly!
Unknown command.
The death yak attacks as it pursues you!
The death yak completely misses you.
There is a stone staircase leading up here.
The death yak completely misses you.
You climb upwards.
There is a stone staircase leading down here.
You punch the death yak!
The death yak is heavily wounded.
You barely miss the death yak.
The death yak is heavily wounded.
The death yak gores you!!
* * * LOW HITPOINT WARNING * * *
You feel better. The death yak gores you!!
You die...

.................................
###.#.##.)#...##.#.#.##..###..###
#.#.##..#........#.##..........
#.#+##..##..##.#.#.##..###..##.
#....#..##..##.#.#..#..###.....
#....#..##..##..............#..
#....#..#...........#..##?.....
#................#.............
###..........Y@...P#####.......
#..#..#.#)....#......#...#...
#..#.........##...P..##......
#..#..#.########......#..#...
#..#...........#...P###......
#..#.)....###).#######.......
#..#)##.#.###......# #.......
#..#.##.....#......# #.......
#..#.#########.##..# #.#.###.


You could see a death yak.

Vanquished Creatures
  Jeremiah (D:7)
  A komodo dragon (D:7)
  Prince Ribbit (D:5)
  Sigmund (D:5)
  Eustachio (D:6)
  Menkaure (D:5)
  Edmund (D:5)
  2 ice beasts
  A sky beast (D:5)
  2 black bears (D:6)
  Pargi (Sewer)
  A centaur (D:6)
  A phantom (D:7)
  A kobold brigand (D:7)
  2 bullfrogs (D:6)
  2 brain worms (Sewer)
  A scorpion (D:4)
  4 killer bees (D:7)
  3 electric eels (D:7)
  2 bombardier beetles (D:5)
  6 hounds
  2 jellies
  2 orc priests
  6 iguanas
  A sleepcap (D:7)
  5 orc wizards
  A gnoll (D:2)
  12 adders
  A shadow imp (D:6)
  A white imp (D:7)
  4 dart slugs
  3 ribbon worms
  24 orcs
  6 endoplasms
  3 giant cockroaches
  5 goblins
  6 hobgoblins
  4 jackals (D:2)
  10 kobolds
  3 quokkas
  10 ball pythons
  7 bats
  13 frilled lizards
  4 rats (D:2)
169 creatures vanquished.

Notes
Turn   | Place    | Note
-------+----------+-------------------------------------------
     0 | D:1      | Gadfly the Merfolk Monk began the quest for the Orb.
     0 | D:1      | Reached XP level 1. HP: 18/18 MP: 1/1
   261 | D:1      | Reached XP level 2. HP: 22/24 MP: 2/2
   395 | D:1      | Reached skill level 1 in Shapeshifting
   803 | D:2      | Reached skill level 1 in Evocations
   803 | D:2      | Reached XP level 3. HP: 22/29 MP: 3/3
  1418 | D:2      | Reached XP level 4. HP: 27/35 MP: 4/4
  1677 | D:2      | Identified the +3 leather armour "Rattib" {*Slow rN+ SInv}
  2158 | D:3      | Reached XP level 5. HP: 42/42 MP: 5/5
  2166 | D:3      | Found a glowing drain.
  2170 | Sewer    | Entered a sewer
  2352 | Sewer    | Noticed Pargi
  2368 | Sewer    | Killed Pargi
  2369 | Sewer    | Reached XP level 6. HP: 13/48 MP: 3/6
  2378 | Sewer    | Reached skill level 5 in Dodging
  3284 | D:3      | Found a blossoming altar of Fedhas.
  3684 | D:4      | Reached XP level 7. HP: 54/54 MP: 7/7
  3695 | D:4      | Reached skill level 5 in Unarmed Combat
  4482 | D:5      | Entered Level 5 of the Dungeon
  4558 | D:5      | Noticed Sigmund
  4602 | D:5      | Killed Sigmund
  4603 | D:5      | Reached skill level 5 in Shapeshifting
  4603 | D:5      | Reached XP level 8. HP: 22/61 MP: 8/8
  4737 | D:5      | Noticed Edmund
  5018 | D:5      | Found a staircase to the Ecumenical Temple.
  5037 | Temple   | Found a transporter.
  5037 | Temple   | Found a transporter.
  5037 | Temple   | Found a transporter.
  5037 | Temple   | Found a transporter.
  5037 | Temple   | Entered the Ecumenical Temple
  5197 | Temple   | Became a worshipper of Ru the Awakened
  5213 | Temple   | Gained mutation: You cannot train Armour skill. [Ru
                  | sacrifice]
  5213 | Temple   | Reached * piety under Ru
  5277 | D:5      | Noticed Prince Ribbit
  5290 | D:5      | Killed Prince Ribbit
  5291 | D:5      | Reached skill level 5 in Fighting
  5481 | D:5      | Noticed Menkaure
  5488 | D:5      | Killed Menkaure
  5639 | D:4      | HP: 2/62 [ice beast (13)]
  5646 | D:4      | Reached skill level 5 in Evocations
  5991 | D:5      | Killed Edmund
  6196 | D:5      | Learned a level 2 spell: Blink
  6594 | D:6      | Reached XP level 9. HP: 63/68 MP: 9/9
  7040 | D:6      | Noticed Eustachio
  7243 | D:6      | Killed Eustachio
  7749 | D:7      | Noticed Jeremiah
  7793 | D:7      | Killed Jeremiah
  7978 | D:7      | Gained mutation: You are clumsy. (Dex -2) [Ru sacrifice]
  7978 | D:7      | Reached ** piety under Ru
  8143 | D:7      | Found a glowing golden altar of the Shining One.
  8145 | D:7      | Found an iron altar of Okawaru.
  8287 | D:7      | Noticed a komodo dragon
  8295 | D:7      | Killed a komodo dragon
  8296 | D:7      | Reached XP level 10. HP: 35/76 MP: 10/10
  8471 | D:7      | Identified the +1 leather armour of the Wilderness {rF+}
  8877 | D:8      | Noticed a death yak
  8877 | D:8      | Noticed a death yak
  8883 | D:8      | Noticed a death yak
  8907 | D:7      | Slain by a death yak

Illustrated notes

Levels and vault maps discovered:
D:1:      dpeg_arrival_rooms_b, layout_basic, serial_park_tiny_1
D:2:      layout_loops_corners, minmay_tetromino_t2
D:3:      layout_basic, fedhas_altar_1, gup_sewer_entry_bowl
D:4:      wad_crossroads, layout_basic
D:5:      layout_basic, temple_statues, uniq_prince_ribbit1, uniq_sigmund,
          uniq_edmund, uniq_menkaure
D:6:      layout_gridville, lightli_corner_chamber, uniq_eustachio
D:7:      layout_basic, nicolae_overflow_squiral, minmay_lizard_king,
          uniq_jeremiah
D:8:      layout_rooms, dpeg_lair_monsters, serial_bayou, serial_bayou_lagoon_a,
          serial_bayou_shore_b, serial_bayou_pond_e, serial_bayou_pond_e,
          serial_bayou_pond_b, serial_bayou_crossing
Temple:   hellmonk_temple_divided_pantheon

Skill      XL: |  1  2  3  4  5  6  7  8  9 |
---------------+----------------------------+-----
Shapeshifting  | 1 2 3 5 6 8 |  8.4
Evocations     | 1 2 3 4 5 6 |  6.9
Unarmed Combat | 4 5 6 8 |  8.4
Fighting       | 4 5 6 |  6.4
Dodging        | 5 6 7 |  7.5

Action                     |  1- 3 |  4- 6 |  7- 9 | 10-12 || total
---------------------------+-------+-------+-------+-------++-------
  Melee: Unarmed           |    98 |   168 |   579 |    53 ||   898
         Tailslap          |       |    13 |       |       ||    13
         Punch             |       |       |     5 |     3 ||     8
 Invoke: Sacrifice Durabil |       |       |     1 |       ||     1
         Sacrifice Purity  |       |       |     1 |       ||     1
    Use: Scroll            |     2 |     9 |     7 |       ||    18
         Potion            |     2 |     2 |     4 |     1 ||     9
   Stab: Distracted        |       |       |     1 |       ||     1
 Armour: Robe              |    37 |    21 |   128 |    22 ||   208
         Leather armour    |       |    60 |   157 |       ||   217
  Dodge: Dodged            |    67 |   124 |   474 |    25 ||   690
